 Dungeon Crawl Stone Soup version 0.23.0 (webtiles) character file.

Game seed: 5460325333927523892

77 Jaqob the Shield-Bearer (level 4, -3/29 HPs)
             Began as a Gargoyle Fighter on Feb 16, 2019.
             Slain by a centaur (6 damage)
             ... on level 3 of the Dungeon.
             The game lasted 00:04:02 (2411 turns).

Jaqob the Shield-Bearer (Gargoyle Fighter)          Turns: 2411, Time: 00:04:03

Health: -3/29      AC: 10    Str: 20 (21) XL:     4   Next: 34%
Magic:  4/4        EV:  9    Int:  6 (8)  God:
Gold:   102        SH:  7    Dex:  6 (9)  Spells: 3/3 levels left

rFire    . . .     SeeInvis .   a - +0 flail
rCold    . . .     Gourm    .   o - +3 buckler
rNeg     + . .     Faith    .   b - +0 scale mail
rPois    ∞         Spirit   .   (no helmet)
rElec    +         Reflect  .   (no cloak)
rCorr    .         Harm     .   (no gloves)
MR       .....                  (no boots)
Stlth    ..........             q - amulet of inaccuracy (curse)
HPRegen  0.09/turn              (no ring)
MPRegen  0.09/turn              (no ring)

@: no status effects
A: negative energy resistance 1, electricity resistance, unbreathing,
petrification resistance, rot immunity, AC +3
a: no special abilities


You were on level 3 of the Dungeon.
You were not hungry.

You visited 1 branch of the dungeon, and saw 3 of its levels.

You collected 102 gold pieces.

Inventory:

Hand Weapons
 a - a +0 flail (weapon)
Armour
 b - a +0 scale mail (worn)
 c - a +0 shield
 o - a +3 buckler (worn)
Jewellery
 q - a cursed amulet of inaccuracy (around neck)
Scrolls
 e - a scroll of remove curse {unknown}
 g - 3 scrolls of identify
 m - a scroll of immolation
 n - 2 scrolls of amnesia
Potions
 d - 2 potions of might
 h - a potion of haste {unknown}
 i - 3 potions of curing
Comestibles
 f - 4 rations


   Skills:
 + Level 3.7 Fighting
 + Level 2.9 Maces & Flails
 + Level 3.7 Armour
 + Level 0.6 Dodging
 + Level 4.0 Shields


You had 3 spell levels left.
You didn't know any spells.
Your spell library was empty.

Dungeon Overview and Level Annotations

Branches:
Dungeon (3/15)

Altars:
Cheibriados
Fedhas


Innate Abilities, Weirdness & Mutations

You are resistant to torment.
Your stone body is resilient. (AC +3)
You are immune to poison.
You resist negative energy. (rN+)
You are resistant to electric shocks. (rElec)
You can survive without breathing.
You are immune to petrification.
You are immune to rotting.


Message History

You barely miss the centaur.
The centaur is moderately wounded.
The centaur hits you.
* * * LOW HITPOINT WARNING * * *
You block the centaur's attack.
You closely miss the centaur.
The centaur is moderately wounded.
The centaur closely misses you.
You closely miss the centaur.
The centaur is moderately wounded.
The centaur hits you but does no damage. x2
You hit the centaur but do no damage.
The centaur is moderately wounded.
The centaur hits you but does no damage.
The centaur hits you.
* * * LOW HITPOINT WARNING * * *
You sock the centaur!
The centaur is severely wounded.
The centaur hits you.
You die...

## ###### .# ######## #....# ###
.# #......#####....# .... .#
#......##.......# ....###
.####......##.......#### .......
...##.....((((.(@c...... .......
...##......##....####.......#....
...##.##....###### #............
.......#....... #####............
.......#.........................
.......##....................###.
#####.####...................# #.
......#......................###.
.................................


You could see a centaur.

Vanquished Creatures
  3 adders (D:2)
  2 worms
  2 dart slugs
  2 leopard geckos (D:1)
  5 bats
  4 giant cockroaches
  3 hobgoblins
  A quokka (D:2)
  A ball python (D:3)
  2 frilled lizards
  3 goblins
  6 kobolds
  5 rats
39 creatures vanquished.

Notes
Turn   | Place    | Note
-------+----------+-------------------------------------------
     0 | D:1      | Jaqob the Gargoyle Fighter began the quest for the Orb.
     0 | D:1      | Reached XP level 1. HP: 14/14 MP: 1/1
   299 | D:1      | Reached XP level 2. HP: 16/19 MP: 2/2
   678 | D:1      | Reached XP level 3. HP: 18/23 MP: 3/3
  1662 | D:2      | Reached XP level 4. HP: 28/29 MP: 4/4
  1720 | D:2      | Found a snail-covered altar of Cheibriados.
  2218 | D:3      | Reached skill level 4 in Shields
  2348 | D:3      | Found a blossoming altar of Fedhas.
  2394 | D:3      | Noticed a centaur
  2411 | D:3      | Slain by a centaur

Skill      XL: |  1  2  3  4 |
---------------+-------------+-----
Shields        | 4 |  4.0
Fighting       | |  3.7
Maces & Flails | |  2.9
Armour         | |  3.7
Dodging        | |  0.6

Action                   |  1- 3 |  4- 6 || total
-------------------------+-------+-------++-------
Melee: Flail             |   141 |    66 ||   207
  Use: Scroll            |       |     7 ||     7
       Potion            |       |     3 ||     3
  Eat: Ration            |     1 |     1 ||     2
Armor: Scale mail        |    78 |    45 ||   123
Dodge: Dodged            |    50 |    32 ||    82
Block: Shield            |    73 |       ||    73
       Buckler           |    13 |    22 ||    35
